 Dungeon Crawl Stone Soup version 0.31-a0-691-g409c26aa35 (webtiles) character file.

Game seed: 4633699651758914806

199 qw the Shooter (level 5, 0/30 HPs)
             Began as a Gargoyle Hunter on Sept 6, 2023.
             Slain by Pargi (1 damage)
             ... on level 3 of the Dungeon.
             The game lasted 00:00:29 (1326 turns).

qw the Shooter (Gargoyle Hunter)                    Turns: 1326, Time: 00:00:29

Health: 0/30       AC:  9    Str: 14    XL:     5   Next: 77%
Magic:  5/5        EV: 10    Int: 10    God:
Gold:   107        SH:  0    Dex: 15    Spells: 4/4 levels left

rFire   . . .        Y - +0 shortbow
rCold   . . .        (shield currently unavailable)
rNeg    + . .        f - +0 ring mail
rPois   inf          (no helmet)
rElec   +            (no cloak)
rCorr   +            (no gloves)
SInv    .            (no boots)
Will    .....        (no amulet)
Stlth   +            g - ring of resist corrosion
HPRegen 0.25/turn    (no ring)
MPRegen 0.09/turn

%: no passive effects
@: no status effects
A: sickness immunity, AC +4, negative energy resistance 1, electricity
resistance, torment resistance 1, petrification resistance
a: no special abilities


You were on level 3 of the Dungeon.
You visited 1 branch of the dungeon, and saw 3 of its levels.

You collected 107 gold pieces.


Innate Abilities, Weirdness & Mutations

You are immune to sickness and miasma.
Your stone body is resilient. (AC +4)
You are immune to poison.
You resist negative energy. (rN+)
You are resistant to electric shocks. (rElec)
You are resistant to unholy torment.
You are immune to petrification.


   Skills:
 + Level 2.3 Fighting
 - Level 6.6 Ranged Weapons
 - Level 1.0 Armour
 - Level 1.5 Dodging
 - Level 1.1 Stealth


You had 4 spell levels left.
You didn't know any spells.
Your spell library was empty.

Inventory:

Hand Weapons
 Y - a +0 shortbow (weapon)
Armour
 f - a +0 ring mail (worn)
Jewellery
 g - a ring of resist corrosion (left hand)
Scrolls
 c - a scroll of identify
Potions
 a - a potion of invisibility {unknown}
 b - a potion of experience {unknown}
 e - a potion of degeneration {unknown}

Dungeon Overview and Level Annotations

Branches:
Dungeon (3/15)

Altars:

Annotations:
D:3 Pargi


Message History

Pargi barely misses you.
You shoot an arrow. The arrow closely misses Pargi.
Pargi bites you. Pargi claws you but does no damage. Pargi closely misses you.
You shoot an arrow. The arrow hits Pargi.
Pargi is severely wounded.
Pargi bites you but does no damage. Pargi claws you but does no damage. x2
You shoot an arrow. The arrow misses Pargi.
Pargi bites you but does no damage. Pargi closely misses you.
Pargi barely misses you.
You shoot an arrow. The arrow hits Pargi.
Pargi is severely wounded.
Pargi bites you. Pargi claws you but does no damage. Pargi claws you.
Pargi barely misses you. Pargi claws you but does no damage. x2
You shoot an arrow. The arrow hits Pargi.
Pargi is severely wounded.
Pargi bites you. Pargi claws you but does no damage. x2
You shoot an arrow. The arrow hits Pargi.
Pargi is severely wounded.
Pargi barely misses you. Pargi claws you. Pargi claws you but does no damage.
You shoot an arrow. The arrow closely misses Pargi.
Pargi bites you. Pargi barely misses you. Pargi claws you but does no damage.
You shoot an arrow. The arrow barely misses Pargi.
Pargi bites you but does no damage. Pargi claws you. Pargi closely misses you.
You shoot an arrow. The arrow misses Pargi.
Pargi bites you. Pargi claws you but does no damage.
Pargi barely misses you. x2
Pargi claws you but does no damage. x2
You shoot an arrow. The arrow hits Pargi.
Pargi is severely wounded.
Pargi bites you but does no damage. Pargi claws you but does no damage.
Pargi barely misses you.
You shoot an arrow. The arrow barely misses Pargi.
Pargi bites you. Pargi claws you. Pargi claws you but does no damage.
You shoot an arrow.
The arrow hits Pargi but does no damage.
Pargi is severely wounded.
Pargi bites you but does no damage. Pargi closely misses you.
Pargi claws you but does no damage.
You shoot an arrow. The arrow closely misses Pargi.
Pargi bites you.
You die...

#######.##.# #.##.#
#....# #.##.# 7
777##.####.#.##.#
7.7..#.......#....#
7......###########
77....%)......
77.#........#
77##.#####.#
#.@.....# #T####..#
#.. ... ....#
.....# ......#
......


You could see Pargi.

Vanquished Creatures
  Sigmund (D:2)
  2 ball pythons
  3 bats
  2 endoplasms (D:1)
  2 giant cockroaches (D:2)
  A goblin (D:1)
  5 hobgoblins
  5 frilled lizards
  2 kobolds
  A rat (D:2)
24 creatures vanquished.

Notes
Turn   | Place    | Note
-------+----------+-------------------------------------------
     0 | D:1      | qw the Gargoyle Hunter began the quest for the Orb.
     0 | D:1      | Reached XP level 1. HP: 12/12 MP: 1/1
     0 | D:1      | 0 ||| qw: Version: 0.3-a-76-g4403597
     0 | D:1      | 0 ||| qw: Game counter: 233
     0 | D:1      | 0 ||| qw: Melee chars always use a shield: true
     0 | D:1      | 0 ||| qw: God list: Okawaru
     0 | D:1      | 0 ||| qw: Allow faded altars: false
     0 | D:1      | 0 ||| qw: Do Orc after clearing Dungeon:15 true
     0 | D:1      | 0 ||| qw: Do second Lair branch before Depths: true
     0 | D:1      | 0 ||| qw: Lair rune preference: random
     0 | D:1      | 0 ||| qw: Goals: Normal
     0 | D:1      | 0 ||| PLANNING D:1-11
   198 | D:1      | Reached XP level 2. HP: 17/17 MP: 2/2
   680 | D:1      | 680 ||| UPGRADING to +0 ring mail.
   690 | D:1      | 690 ||| DROPPING +0 leather armour.
   691 | D:1      | 691 ||| READING scroll labelled GEB ODEYGY.
   692 | D:1      | 692 ||| READING 2 scrolls labelled UVENOVOQEF.
   693 | D:1      | 693 ||| DROPPING scroll of butterflies.
   694 | D:1      | 694 ||| DROPPING scroll of poison.
   997 | D:2      | Noticed Sigmund
  1002 | D:2      | Reached skill level 1 in Armour
  1015 | D:2      | Killed Sigmund
  1016 | D:2      | Reached skill level 6 in Ranged Weapons
  1016 | D:2      | Reached XP level 3. HP: 21/21 MP: 3/3
  1016 | D:2      | Reached XP level 4. HP: 26/26 MP: 4/4
  1016 | D:2      | Reached XP level 5. HP: 30/30 MP: 5/5
  1193 | D:2      | 1193 ||| DROPPING scarf of invisibility.
  1194 | D:2      | 1194 ||| UPGRADING to ring of resist corrosion.
  1195 | D:2      | 1195 ||| READING 2 scrolls labelled COHUTEJ DULI.
  1218 | D:3      | 1218 ||| PLANNING SEWER
  1292 | D:3      | Noticed Pargi
  1318 | D:3      | HP: 6/30 [Pargi (6)]
  1322 | D:3      | HP: 2/30 [Pargi (1)]
  1326 | D:3      | Slain by Pargi

Levels and vault maps discovered:
D:1:      dpeg_arrival_tiny_k, layout_basic, wad_floor_pattern_1,
          corexii_corridor_pit, minmay_tetromino_i2
D:2:      layout_basic, uniq_sigmund
D:3:      layout_basic, gup_sewer_entry_spiral, dreamdust_wishing_well,
          serial_bayou_pond_b, uniq_crazy_yiuf_cottage, uniq_pargi

Skill      XL: |  1  2 |
---------------+-------+-----
Armour         | 1 |  1.0
Ranged Weapons | 6 |  6.6
Fighting       | |  2.3
Dodging        | |  1.5
Stealth        | |  1.1

Action                     |  1- 3 |  4- 6 || total
---------------------------+-------+-------++-------
   Fire: Shortbow          |    59 |    50 ||   109
    Use: Scroll            |     2 |     1 ||     3
 Armour: Leather armour    |    10 |       ||    10
         Skin              |    16 |       ||    16
         Ring mail         |       |    70 ||    70
  Dodge: Dodged            |     9 |    40 ||    49

Table legend:
 A = Non-vault XP
 B = Vault XP
 C = Vault XP percentage of total XP
 D = Non-vault monster count
 E = Vault monster count
 F = Vault count percentage of total count
                 A         B        C        D         E       F
            +---------+---------+-------+---------+---------+-------
      Total |      35 |     250 |  87.7 |      21 |       3 |  12.5
            +---------+---------+-------+---------+---------+-------
        D:1 |      18 |       3 |  14.3 |      11 |       2 |  15.4
        D:2 |      13 |     247 |  95.0 |       8 |       1 |  11.1
        D:3 |       4 |       0 |   0.0 |       2 |       0 |   0.0
            +---------+---------+-------+---------+---------+-------
